AoeStats
← johnnyt27

Black Forest

508518933Analyzed
2v2 RM · 10d ago on Sep 22, 2026· 85m 32s· 4 players
Game mode
Random Map
Map size
Medium (4 player)
Population
200
Speed
Normal
Resources
Standard
Victory
Conquest
Starting age
Dark Age
Ending age
Imperial Age
RankedLock teamsTeams togetherTeam positionsShared explorationLock speedFull tech treeHidden civsTurbo modeCheats
Victory
Defeat
🇺🇸 Persians · United States
680
+11
🇩🇪 Hindustanis · Germany
633
+13
🇪🇸 Tatars · Spain
590
-13
🇪🇸 Malians · Spain
535
-11
EidechseKran22
0:42 Loom
12:54 Feudal Age
13:29 Double-Bit Axe
13:33 Arson
15:43 Horse Collar
15:52 Town Watch
18:19 Wheelbarrow
19:41 Gold Mining
19:43 Stone Mining
20:56 Man-at-Arms
26:12 Castle Age
25:24 Bloodlines
25:47 Scale Mail Armor
25:49 Padded Archer Armor
26:32 Scale Barding Armor
27:35 Bow Saw
27:32 Heavy Plow
30:47 Grand Trunk Road
31:02 Crossbowman
32:13 Husbandry
33:58 Gold Shaft Mining
33:33 Squires
34:33 Light Cavalry
34:36 Elite Skirmisher
34:38 Pikeman
36:07 Caravan
38:24 Fortified Wall
42:32 Imperial Age
40:23 Hand Cart
40:43 Murder Holes
40:59 Masonry
40:41 Fletching
41:16 Fervor
41:11 Devotion
41:34 Sanctity
41:08 Long Swordsman
44:17 Two-Man Saw
43:39 Leather Archer Armor
44:52 Conscription
43:57 Two-Handed Swordsman
45:25 Stone Shaft Mining
45:46 Ring Archer Armor
45:34 Town Patrol
46:33 Thumb Ring
47:58 Chemistry
47:23 Elite Ghulam
48:45 Ballistics
48:23 Bodkin Arrow
49:57 Hussar
50:01 Champion
51:00 Heavy Cavalry Archer
52:22 Bracer
52:33 Forging
53:40 Hoardings
53:43 Chain Mail Armor
54:01 Heavy Camel Rider
54:27 Onager
57:06 Chain Barding Armor
57:22 Iron Casting
59:18 Plate Barding Armor
61:56 Imperial Camel Rider
66:48 Blast Furnace
65:55 Siege Engineers
73:22 Siege Elephant
johnnyt27
8:29 Loom
16:47 Feudal Age
23:50 Castle Age
22:21 Gold Mining
22:22 Stone Mining
22:18 Double-Bit Axe
22:15 Horse Collar
28:24 Gold Shaft Mining
28:25 Stone Shaft Mining
28:01 Bow Saw
28:40 Heavy Plow
31:29 Caravan
32:28 Wheelbarrow
31:39 Town Watch
33:59 Hand Cart
33:51 Town Patrol
38:14 Imperial Age
36:28 Masonry
36:17 Light Cavalry
37:07 Bloodlines
36:58 Husbandry
36:39 Pikeman
37:21 Squires
37:07 Arson
37:34 Fletching
37:54 Forging
37:50 Scale Barding Armor
37:46 Scale Mail Armor
37:47 Padded Archer Armor
39:37 Chemistry
38:03 Elite Skirmisher
39:39 Crop Rotation
39:32 Halberdier
39:39 Cavalier
40:28 Thumb Ring
44:45 Savar
46:39 Iron Casting
46:21 Leather Archer Armor
46:12 Halberdier
49:56 Blast Furnace
49:12 Chain Mail Armor
49:17 Chain Barding Armor
49:29 Ring Archer Armor
52:42 Conscription
52:36 Citadels
83:44 Spies/Treason
mikoyan
3:58 Loom
14:44 Feudal Age
15:16 Horse Collar
15:25 Double-Bit Axe
17:03 Padded Archer Armor
16:54 Fletching
19:06 Wheelbarrow
19:49 Stone Mining
19:55 Gold Mining
24:17 Castle Age
24:40 Bloodlines
25:35 Husbandry
26:45 Bow Saw
26:40 Heavy Plow
27:18 Gold Shaft Mining
27:29 Hand Cart
27:40 Caravan
30:11 Scale Barding Armor
31:56 Masonry
34:10 Town Watch
36:16 Town Patrol
36:45 Ballistics
41:04 Imperial Age
38:46 Silk Armor
41:28 Leather Archer Armor
41:09 Bodkin Arrow
42:23 Conscription
43:12 Chemistry
42:11 Heavy Cavalry Archer
45:43 Heavy Camel Rider
48:54 Chain Barding Armor
tintindeo22
1:31 Loom
13:40 Feudal Age
18:21 Fletching
20:39 Double-Bit Axe
20:37 Horse Collar
20:54 Gold Mining
20:57 Stone Mining
23:23 Wheelbarrow
24:51 Town Watch
28:22 Castle Age
27:56 Padded Archer Armor
28:07 Forging
28:57 Bloodlines
31:18 Heavy Plow
31:38 Hand Cart
31:23 Town Patrol
32:55 Bow Saw
33:05 Husbandry
33:26 Treadmill Crane
33:57 Masonry
34:27 Gold Shaft Mining
34:28 Stone Shaft Mining
34:49 Stone Shaft Mining
37:20 Ballistics
36:51 Guard Tower
37:12 Fortified Wall
36:59 Murder Holes
37:18 Caravan
37:34 Scale Barding Armor
40:07 Thumb Ring
40:52 Chain Barding Armor
41:08 Iron Casting
40:50 Leather Archer Armor
45:41 Imperial Age
43:51 Tigui
47:16 Plate Barding Armor
46:37 Bodkin Arrow
46:48 Scale Mail Armor
47:18 Ring Archer Armor
47:18 Architecture
47:48 Chemistry
47:24 Keep
46:48 Heavy Camel Rider
49:36 Crop Rotation
51:40 Elite Gbeto
52:41 Conscription
52:28 Farimba
53:13 Heavy Cavalry Archer
57:24 Onager
57:28 Capped Ram
75:41 Squires
79:47 Chain Mail Armor
Connection lost

Rejoining the realm…

Still unreachable

The connection could not be restored.

Session expired

The server has moved on; the page needs a fresh start.